 Dungeon Crawl Stone Soup version 0.22-a0-448-g1fb7470 (webtiles) character file.

1550 iamserjio the Covert (level 8, -3/56 HPs)
             Began as an Octopode Assassin on June 4, 2018.
             Slain by a harpy skeleton (6 damage)
             ... on level 7 of the Dungeon.
             The game lasted 00:17:48 (6972 turns).

iamserjio the Covert (Octopode Assassin)            Turns: 6972, Time: 00:17:49

Health: -3/56      AC:  1    Str: 10    XL:     8   Next: 88%
Magic:  8/8        EV: 16    Int: 14    God:
Gold:   377        SH:  0    Dex: 15    Spells: 7/7 levels left

rFire    . . .     SeeInvis .   a - +2 dagger
rCold    . . .     Gourm    .   (no shield)
rNeg     . . .     Faith    .   (helmet restricted)
rPois    .         Spirit   .   e - amulet of magic regeneration
rElec    .         Reflect  .   (no ring)
rCorr    .         Harm     .   (no ring)
MR       .....                  (no ring)
Stlth    +++++.....             (no ring)
HPRegen  0.18/turn              (no ring)
MPRegen  0.36/turn              (no ring)
                                (no ring)
                                (no ring)

@: marked
A: almost no armour, stealthy swim, amphibious, 8 rings, constrict 8, camouflage
1, gelatinous body 1
a: no special abilities


You were on level 7 of the Dungeon.
You were not hungry.

You visited 1 branch of the dungeon, and saw 7 of its levels.
You also visited: Sewer.

You collected 377 gold pieces.

Inventory:

Hand Weapons
 a - a +2 dagger (weapon)
 b - a +0 blowgun
 r - a +2 morningstar of holy wrath
 E - the +2 hunting sling "Wicesofe" {flame, rElec MR- Int+8 Dex+4}
   (You found it on level 5 of the Dungeon)

   It causes projectiles fired from it to burn those they strike, causing extra
   injury to most foes and up to half again as much damage against particularly
   susceptible opponents.
   It affects your intelligence (+8).
   It affects your dexterity (+4).
   It insulates you from electricity.
   It affects your resistance to hostile enchantments.
Missiles
 c - 17 poisoned needles
 d - 2 curare-tipped needles
 F - 64 stones (quivered)
Jewellery
 e - an amulet of magic regeneration (around mantle)
Wands
 l - a wand of digging (31)
 y - a wand of scattershot (3)
 z - a wand of paralysis (16)
Scrolls
 g - a scroll of identify
 h - 5 scrolls of enchant weapon
 j - a scroll of amnesia
 k - 2 scrolls of fog
 q - 4 scrolls of blinking
 B - 2 scrolls of magic mapping
Potions
 i - 2 potions of invisibility
 m - a potion of lignification {unknown}
 n - 2 potions of brilliance {unknown}
 o - a potion of heal wounds
 p - 4 potions of curing
 s - 2 potions of haste {unknown}
 t - a potion of might {unknown}
 u - a potion of magic {unknown}
 v - 2 potions of cancellation
 C - a potion of berserk rage
Comestibles
 f - 14 rations
 w - 4 chunks of flesh


   Skills:
 + Level 5.5 Fighting
 * Level 6.8 Short Blades
 - Level 2.0 Throwing
 + Level 5.2 Dodging
 - Level 8.1 Stealth


You had 7 spell levels left.
You didn't know any spells.
Your spell library was empty.

Dungeon Overview and Level Annotations

Branches:
Dungeon (7/15)
 Temple: D:4-7

Altars:
Makhleb
Okawaru
Ru

Shops:
D:5 %   D:7 [


Innate Abilities, Weirdness & Mutations

You cannot wear most types of armour.
You are very stealthy in the water. (Stealth+)
You are amphibious.
You can wear up to eight rings at the same time.
You can use your tentacles to constrict eight enemies at once.
Your skin changes colour to match your surroundings (Stealth+).
Your rubbery body absorbs attacks. (AC +1, EV +1)


Message History

The harpy skeleton claws you. The harpy skeleton misses you.
Evoke which item? (* to show all) (? for menu, Esc to quit)
Okay, then.
Okay, then.
Unknown command.
The harpy skeleton claws you. The harpy skeleton barely misses you.
The shadow imp summons a swarm of flies.
The harpy skeleton closely misses you. The harpy skeleton misses you.
There is an entrance to Copum's Armour Boutique here.
The harpy skeleton claws you!
* * * LOW HITPOINT WARNING * * *
The harpy skeleton barely misses you. The harpy skeleton barely misses you.
The harpy skeleton claws you!
* * * LOW HITPOINT WARNING * * *
You feel much better. The harpy skeleton claws you! x2
* * * LOW HITPOINT WARNING * * *
The harpy skeleton claws you.
* * * LOW HITPOINT WARNING * * *
The harpy skeleton claws you.
You die...

###.#.......#.#..#
.##.###.#.###.##.# .....
.##.###'#####.##.###.....
........).†...##.#....l#
.##.##..)..#####.#.....#
.##.##.....# #.#.....#
###.##.....# #.#.....#
..#.##....... #.#.....#
#<#.##........ #@......#
#.#.#..........##Z.....#
#.#.#.......... #5∩....#
#.# ##.....# ..# #5##.##
..# #..#.# ..+ ##5#.# ..#
#Z#.# ### #...#


You could see an iguana, 3 shadow imps, a harpy skeleton and a centaur warrior
skeleton.

Vanquished Creatures
  2 sky beasts
  3 ogres
  4 bullfrogs
  A scorpion (D:4)
  A howler monkey (D:5)
  2 bullfrog zombies
  A jelly (D:6)
  An orc priest (D:5)
  A bullfrog skeleton (D:7)
  2 worker ants
  8 orc wizards
  A hound zombie (D:5)
  3 gnolls
  7 adders
  A river rat (D:4)
  11 oozes (Sewer)
  3 worms
  3 dart slugs
  23 leopard geckos
  10 orcs
  11 bats
  19 giant cockroaches
  4 goblins
  9 hobgoblins
  3 jackals
  6 kobolds
  5 quokkas
  14 ball pythons
  A ball python skeleton (D:4)
  11 frilled lizards
  A giant cockroach zombie (D:6)
  A quokka skeleton (D:4)
  5 rats
178 creatures vanquished.

Notes
Turn   | Place    | Note
-------+----------+-------------------------------------------
     0 | D:1      | iamserjio the Octopode Assassin began the quest for the Orb.
     0 | D:1      | Reached XP level 1. HP: 14/14 MP: 1/1
   157 | D:1      | Reached XP level 2. HP: 19/19 MP: 2/2
   594 | D:2      | Reached XP level 3. HP: 25/25 MP: 3/3
   853 | D:2      | Reached skill level 6 in Stealth
   861 | D:2      | Reached XP level 4. HP: 23/30 MP: 4/4
  1349 | D:4      | Noticed an ogre
  1351 | D:4      | Killed an ogre
  1351 | D:4      | Reached XP level 5. HP: 36/36 MP: 5/5
  1366 | D:4      | Found an iron altar of Okawaru.
  1525 | D:4      | Reached XP level 6. HP: 42/42 MP: 6/6
  1556 | D:4      | Found a glowing drain.
  1564 | Sewer    | Entered a sewer
  1860 | Sewer    | Reached skill level 7 in Stealth
  2359 | Sewer    | Reached XP level 7. HP: 41/47 MP: 7/7
  4253 | D:5      | Entered Level 5 of the Dungeon
  4260 | D:5      | Found a sacrificial altar of Ru.
  4310 | D:5      | Got a fine hunting sling
  4314 | D:5      | Identified the +2 hunting sling "Wicesofe" {flame, rElec MR- Int+8 Dex+4} (You found it on level 5 of the Dungeon)
  4462 | D:5      | Found Tyhareag's Food Emporium.
  5311 | D:6      | Found a burning altar of Makhleb.
  5318 | D:6      | Reached skill level 5 in Short Blades
  5318 | D:6      | Reached skill level 8 in Stealth
  5318 | D:6      | Reached XP level 8. HP: 54/54 MP: 8/8
  6241 | D:5      | Reached skill level 5 in Fighting
  6679 | D:7      | Reached skill level 5 in Dodging
  6931 | D:7      | Found Copum's Armour Boutique.
  6957 | D:7      | Noticed a hellwing
  6972 | D:7      | Slain by a harpy skeleton

Vault maps used:
D:1:      lemuel_arrival_tunnels, st_stairs_7
D:2:      minmay_vboxes
D:3:      kennysheep_big_flooded_room
D:4:      nicolae_overflow_crystal_walls, lightli_sewer_entry_pipes,
          first_ration
D:5:      serial_shops, kennysheep_little_box, minmay_misc_feat_encased,
          nicolae_ru_sacrificial_ziggurat
D:6:      lemuel_round_altar, kennysheep_another_room
D:7:      cheibrodos_grave_circle, temple_doors_ab, serial_shops,
          kennysheep_mini, shop, nicolae_shop_waterfront, shop, uniq_joseph
Sewer:    sewer_frog_island_02

Skill      XL: |  1  2  3  4  5  6  7  8 |
---------------+-------------------------+-----
Stealth        | 6 7 8 |  8.1
Dodging        | 2 3 4 5 |  5.2
Fighting       | 3 4 5 |  5.5
Short Blades   | 3 4 5 6 |  6.8
Throwing       | |  2.0

Action                   |  1- 3 |  4- 6 |  7- 9 || total
-------------------------+-------+-------+-------++-------
Melee: Dagger            |    65 |   150 |   187 ||   402
       Tentacles         |    12 |    33 |    26 ||    71
       Constrict         |    16 |    34 |    36 ||    86
 Fire: Blowgun           |       |       |     6 ||     6
Evoke: Wand              |       |     2 |     3 ||     5
  Use: Scroll            |       |     1 |    16 ||    17
       Potion            |       |       |     2 ||     2
 Stab: Sleeping          |    10 |    23 |    23 ||    56
  Eat: Chunk             |       |     5 |     7 ||    12
       Ration            |       |       |     2 ||     2
Armor: Skin              |     5 |     5 |     1 ||    11
Dodge: Dodged            |    47 |    96 |    99 ||   242

Table legend:
 A = Spawn XP
 B = Non-spawn XP
 C = Spawn XP percentage of total XP
 D = Spawn monster count
 E = Non-spawn monster count
 F = Spawn count percentage of total count
 G = Total turns spent on level
                    A         B        C        D         E        F      G
               +---------+---------+-------+---------+---------+-------+---------
         Total |       0 |    2215 |   0.0 |       0 |     178 |   0.0 |  6972
               +---------+---------+-------+---------+---------+-------+---------
           D:1 |       0 |      22 |   0.0 |       0 |      12 |   0.0 |   570
           D:2 |       0 |      85 |   0.0 |       0 |      30 |   0.0 |   698
           D:3 |       0 |      92 |   0.0 |       0 |      23 |   0.0 |  1148
           D:4 |       0 |     284 |   0.0 |       0 |      15 |   0.0 |   906
           D:5 |       0 |     587 |   0.0 |       0 |      21 |   0.0 |  1529
           D:6 |       0 |     254 |   0.0 |       0 |       8 |   0.0 |   869
           D:7 |       0 |     513 |   0.0 |       0 |       8 |   0.0 |   321
         Sewer |       0 |     378 |   0.0 |       0 |      61 |   0.0 |   931
               +---------+---------+-------+---------+---------+-------+---------
